 Dungeon Crawl Stone Soup version 0.28.0-43-g3370ac3207 (webtiles) character file.

Game seed: 7638340370704918991

13 Mattiprrivan the Vexing (level 2, 0/19 HPs)
             Began as a Vampire Wanderer on Mar 19, 2022.
             Slain by a gnoll
             ... wielding a +0 whip
              (5 damage)
             ... on level 1 of the Dungeon.
             The game lasted 00:04:12 (238 turns).

Mattiprrivan the Vexing (Vampire Wanderer)           Turns: 238, Time: 00:04:12

Health: 0/19       AC:  2    Str: 11    XL:     2   Next: 24%
Magic:  4/6        EV: 11    Int: 14    God:
Gold:   14         SH:  0    Dex: 13    Spells: 6/7 levels left

rFire   . . .      SeeInvis +   a - +0 dagger
rCold   . . .      Faith    .   (no shield)
rNeg    . . .      Spirit   .   d - +0 robe
rPois   .          Reflect  .   (no helmet)
rElec   .          Harm     .   (no cloak)
rCorr   .          Rampage  .   (no gloves)
Will    .....                   (no boots)
Stlth   ++........              (no amulet)
HPRegen 0.26/turn               (no ring)
MPRegen 0.10/turn               (no ring)

@: healing quickly
A: alive, fangs 3, see invisible, vampiric 1
a: Exsanguinate


You were on level 1 of the Dungeon.
You visited 1 branch of the dungeon, and saw 1 of its levels.

You collected 14 gold pieces.

Inventory:

Hand Weapons
 a - a +0 dagger (weapon)
Missiles
 b - 7 boomerangs (quivered)
Armour
 d - a +0 robe (worn)
Scrolls
 c - a scroll of fog


   Skills:
 * Level 0.2 Fighting
 * Level 0.1 Short Blades
 * Level 1.6 Throwing
 * Level 0.1 Armour
 * Level 0.1 Dodging
 * Level 1.6 Stealth
 * Level 1.2 Unarmed Combat
 * Level 3.2 Spellcasting
 * Level 4.6 Hexes


You had 6 spell levels left.
You knew the following spells:

 Your Spells              Type           Power      Damage    Failure   Level
a - Slow                  Hex            60%        N/A       3%          1

Your spell library contained the following spells:

 Spells                   Type           Power      Damage    Failure   Level
 Dazzling Flash           Conj/Hex       16%        N/A       24%         3
 Anguish                  Hex/Necr       4%         N/A       63%         4


Dungeon Overview and Level Annotations

Branches:
Dungeon (1/15)

Altars:


Innate Abilities, Weirdness & Mutations

Your natural rate of healing is accelerated.
You have razor-sharp teeth.
You have supernaturally acute eyesight. (SInv)
You are afflicted with vampirism.


Message History

You kill the frilled lizard!
Magic restored.
HP restored.
You see here a bat corpse.
A ball python comes into view.
You throw a boomerang.
The boomerang hits the ball python but does no damage.
The ball python hisses angrily.
You throw a boomerang. The boomerang hits the ball python!
You kill the ball python!
You now have 14 gold pieces.
You see here a ball python corpse.
A gnoll and an endoplasm come into view.
Found 20 bolts.
You throw a boomerang. The boomerang closely misses the gnoll.
The endoplasm quivers.
You throw a boomerang. The boomerang hits the gnoll.
The gnoll is heavily wounded.
You throw a boomerang.
The boomerang hits the gnoll but does no damage.
The gnoll is heavily wounded.
The gnoll hits you with a +0 whip.
Casting: Slow (safe; 3% risk of failure)
Confirm with . or Enter, or press ? or * to list all spells.
Aiming: Slow (safe; 3% risk of failure)
Press: ? - help, Shift-Dir - straight line, f/p - gnoll
Aim: a gnoll, wielding a +0 whip (heavily wounded, chance to affect: 63%)
The gnoll resists with significant effort.
The gnoll hits you with a +0 whip.
Casting: Slow (safe; 3% risk of failure)
Confirm with . or Enter, or press ? or * to list all spells.
Aiming: Slow (safe; 3% risk of failure)
Press: ? - help, Shift-Dir - straight line, f/p - gnoll
Aim: a gnoll, wielding a +0 whip (heavily wounded, chance to affect: 63%)
The gnoll seems to slow down.
The gnoll hits you with a +0 whip!
* * * LOW HITPOINT WARNING * * *
You barely miss the gnoll.
The gnoll is heavily wounded.
The gnoll hits you with a +0 whip.
You die...

....#†..#.#####.
..................
......#...#######.
......##.......#
..... #..####†#
##### #..# #.#
#... #.# #.##. #.#
#. #@# #....Jg.#
....(#### ####


You could see a gnoll (slow) and an endoplasm.

Vanquished Creatures
  2 ball pythons (D:1)
  3 endoplasms (D:1)
  2 hobgoblins (D:1)
  2 quokkas (D:1)
  A bat (D:1)
  A frilled lizard (D:1)
11 creatures vanquished.

Notes
Turn   | Place    | Note
-------+----------+-------------------------------------------
     0 | D:1      | Mattiprrivan the Vampire Wanderer began the quest for the
                  | Orb.
     0 | D:1      | Mattiprrivan set off with the following items: a +0 dagger,
                  | 7 boomerangs, a scroll of fog, a +0 robe; and the following
                  | spell memorised: Slow; and the following spells available
                  | to memorise: Dazzling Flash, Anguish
     0 | D:1      | Reached XP level 1. HP: 13/13 MP: 4/4
   154 | D:1      | Reached XP level 2. HP: 19/19 MP: 6/6
   238 | D:1      | Slain by a gnoll

Illustrated notes

Levels and vault maps discovered:
D:1:      minmay_arrival_checkered_box, layout_loops_cross,
          ebering_ecumenical_altar_abandoned

Action                   || total
-------------------------++-------
Melee: Dagger            ||    11
       Bite              ||     1
Throw: Boomerang         ||    29
 Cast: Slow              ||     5
  Use: Potion            ||     3
Armor: Robe              ||     2
Dodge: Dodged            ||    11
